Map: Simulacrum LE

Players

llllllllllll

  • Race: Terran Terran
  • League: Master
  • Spawn Location: 5:00

lIlIlIlIlIlI - Winner!

  • Race: Protoss Protoss
  • League: Master
  • Spawn Location: 11:00

VOD

Have the link to the VOD?

Description

Time

  • Played on: April 28, 2020, 1 p.m.
  • Length: 8:35
Show
View Real Time Build Order
Export as new Build Order

llllllllllll Terran 

Build Orders: Reaper Expand 

Get SALT Encoding   

  12  0:00  SCV  
  13  0:12  SCV  
  14  0:17  Supply Depot  
  14  0:25  SCV  
  15  0:38  SCV  
  15  0:40  Barracks  
  16  0:43  Refinery  
  16  0:50  SCV  
  17  1:03  SCV  
  18  1:15  SCV  
  19  1:27  Reaper  
  19  1:28  Orbital Command  
  20  1:41  Command Center  
  20  1:54  SCV  
  21  1:55  Supply Depot  
  21  1:59  Marine  
  22  2:06  SCV  
  23  2:09  Factory  
  23  2:18  SCV, Refinery  
  23  2:20  Barracks Reactor  
  24  2:30  SCV  
  25  2:42  Bunker, SCV  
  26  2:54  SCV, Widow Mine  
  26  2:55  Orbital Command  
  26  2:57  Marine  
  26  2:58  Marine  
  31  3:02  Starport  
  31  3:06  SCV  
  32  3:15  Marine x2  
  32  3:17  Widow Mine  
  32  3:18  SCV  
  37  3:22  SCV  
  38  3:28  Supply Depot  
  38  3:30  SCV  
  38  3:33  Marine x2  
  41  3:34  SCV  
  41  3:40  Medivac  
  41  3:41  Widow Mine  
  46  3:50  SCV x2, Supply Depot  
  46  3:52  Marine x2  
  50  3:59  Barracks  
  50  4:03  Barracks  
  50  4:04  Factory Tech Lab  
  50  4:12  SCV x2, Starport Tech Lab  
  50  4:15  Engineering Bay  
  52  4:22  Marine x2  
  54  4:25  Supply Depot  
  54  4:31  Raven  
  56  4:34  SCV x2  
  56  4:36  Refinery  
  58  4:40  Supply Depot  
  58  4:46  SCV x2  
  58  4:52  Barracks Tech Lab  
  60  4:56  Terran Infantry Weapons Level 1  
  60  4:58  SCV x2  
  62  5:00  Marauder, Stimpack  
  62  5:06  Marine x2  
  57  5:10  SCV x2  
  59  5:18  Command Center  
  59  5:22  SCV x2, Marauder  
  59  5:23  Marauder  
  59  5:28  Factory Reactor  
  65  5:32  Starport Reactor, Supply Depot  
  65  5:34  SCV x2, Marine x2  
  69  5:42  Combat Shield  
  69  5:43  Marauder  
  69  5:44  Marauder  
  73  5:50  Barracks  
  73  5:51  Barracks  
  73  5:55  SCV x2  
  75  5:57  Supply Depot  
  75  5:59  Marine x2  
  75  6:01  Refinery  
  77  6:05  Marauder  
  77  6:06  Marauder  
  81  6:12  Medivac x2  
  81  6:16  Supply Depot  
  85  6:22  SCV  
  86  6:26  SCV  
  86  6:29  Widow Mine x2  
  91  6:33  Orbital Command  
  91  6:38  SCV  
  91  6:40  Concussive Shells  
  91  6:42  Barracks Reactor, Barracks Tech Lab  
  91  6:43  Marine, Marauder x2  
  96  6:51  Marine  
  97  6:59  Widow Mine x2  
  97  7:00  Marine  
  102  7:04  Marauder  
  105  7:08  Marauder  
  105  7:11  Marine  
  105  7:12  Marauder  
  102  7:17  SCV  
  102  7:18  Marine  
  102  7:20  SCV x2  
  106  7:24  Marine  
  106  7:26  Marauder  
  106  7:29  SCV  
  86  7:39  Marauder  
  86  7:40  Marauder  
  80  7:46  SCV  
  80  7:48  Marauder  
  77  7:54  SCV  
  65  8:01  Marine x2, Marauder x2  
Show
View Real Time Build Order
Export as new Build Order

lIlIlIlIlIlI Protoss - Winner!

Build Orders: 1 Gate Expand, Blink Stalkers 

Get SALT Encoding   

  12  0:01  Probe  
  13  0:13  Probe  
  14  0:20  Pylon  
  14  0:26  Probe (Chrono Boost)  
  15  0:38  Gateway  
  15  0:39  Probe (Chrono Boost)  
  16  0:46  Probe (Chrono Boost)  
  16  0:48  Assimilator  
  17  0:53  Probe  
  18  1:05  Probe  
  19  1:17  Probe  
  20  1:25  Nexus  
  20  1:34  Cybernetics Core  
  20  1:37  Probe  
  21  1:47  Assimilator  
  21  1:49  Probe  
  21  1:53  Pylon  
  22  2:01  Probe  
  22  2:08  Stalker (Chrono Boost)  
  23  2:12  Warp Gate  
  23  2:13  Probe  
  26  2:26  Probe (Chrono Boost)  
  27  2:30  Twilight Council  
  27  2:36  Probe (Chrono Boost)  
  28  2:38  Stalker  
  28  2:43  Probe (Chrono Boost)  
  31  2:46  Probe (Chrono Boost)  
  31  2:50  Probe (Chrono Boost)  
  31  2:51  Probe (Chrono Boost)  
  34  2:58  Blink (Chrono Boost)  
  34  3:02  Probe  
  34  3:03  Probe  
  36  3:14  Probe  
  36  3:15  Stalker, Probe  
  40  3:24  Gateway  
  40  3:26  Gateway, Probe  
  41  3:27  Probe  
  42  3:37  Robotics Facility  
  42  3:38  Probe  
  42  3:40  Pylon  
  44  3:41  Probe  
  44  3:47  Assimilator  
  44  3:50  Probe  
  44  3:53  Probe  
  46  4:02  Nexus  
  46  4:05  Pylon  
  46  4:07  Probe  
  46  4:08  Probe  
  48  4:16  Stalker  
  50  4:19  Pylon  
  50  4:21  Stalker  
  52  4:27  Observer  
  52  4:28  Probe x2  
  55  4:32  Stalker  
  57  4:39  Gateway  
  57  4:40  Charge, Probe x2  
  59  4:46  Stalker  
  59  4:49  Stalker  
  59  4:52  Probe x2  
  65  5:04  Probe x2  
  67  5:10  Gateway x2  
  67  5:15  Probe  
  67  5:16  Probe  
  67  5:17  Probe  
  70  5:23  Gateway, Warp Prism (Chrono Boost)  
  70  5:24  Gateway  
  72  5:31  Gateway  
  72  5:36  Pylon  
  72  5:38  Sentry  
  72  5:39  Zealot x2  
  72  5:42  Stalker  
  80  5:44  Pylon  
  80  5:46  Probe  
  80  5:49  Warp Prism (Chrono Boost)  
  83  6:03  Zealot x3  
  89  6:10  Pylon  
  89  6:11  Pylon  
  89  6:15  Zealot x3  
  95  6:24  Zealot x3  
  101  6:27  Pylon  
  101  6:28  Pylon  
  101  6:29  Probe  
  101  6:31  Zealot x2  
  101  6:32  Zealot  
  108  6:40  Zealot x3  
  113  6:49  Zealot x3  
  113  6:53  Zealot x3  
  125  7:00  Zealot x2  
  125  7:01  Zealot  
  127  7:16  Zealot x3  
  127  7:21  Zealot  
  133  7:26  Nexus  
  133  7:29  Pylon  
  129  7:35  Zealot x5  
  115  7:38  Zealot x6  
  101  7:51  Zealot x3  
  85  7:59  Zealot x6  
  93  8:12  Probe x3  
  86  8:24  Stalker x7  
  86  8:25  Stalker x2  
  102  8:28  Forge  
  102  8:30  Forge  
  102  8:32  Templar Archives  
Tags
 
Add a new tag
Caveats
  • Supply blocks, unpowered buildings, or Contaminate may cause inaccurate times.
  • Supply counts are checked every 10 seconds.